Map: Eternal Empire LE

Players

BerryRAWR - Winner!

  • Race: Terran Terran
  • League: Grandmaster
  • Spawn Location: 1:00

uWu

  • Race: Protoss Protoss
  • League: Grandmaster
  • Spawn Location: 7:00

VOD

Have the link to the VOD?

Description

Time

  • Played on: Feb. 28, 2020, 11:55 p.m.
  • Length: 14:11
Show
View Real Time Build Order
Export as new Build Order

BerryRAWR Terran - Winner!

Build Orders: Gas First Reaper Expand 

Get SALT Encoding   

  12  0:01  SCV  
  13  0:13  SCV  
  14  0:17  Supply Depot  
  14  0:25  SCV  
  15  0:31  Refinery  
  15  0:39  SCV  
  16  0:45  Barracks  
  16  0:51  SCV  
  17  1:03  SCV  
  18  1:15  SCV  
  19  1:25  Refinery  
  19  1:32  Orbital Command, Reaper  
  20  1:52  Command Center  
  20  1:59  SCV  
  21  2:09  Factory  
  21  2:10  Barracks Reactor  
  21  2:16  Supply Depot  
  21  2:18  SCV  
  22  2:23  Refinery  
  22  2:30  SCV  
  23  2:42  SCV  
  24  2:50  Marine x2  
  26  3:03  Factory Tech Lab  
  26  3:05  Orbital Command  
  26  3:07  Marine  
  26  3:08  Marine, Starport, SCV  
  29  3:21  Cyclone  
  29  3:23  SCV  
  29  3:26  Marine x2  
  34  3:29  Orbital Command  
  34  3:35  SCV  
  35  3:47  SCV  
  36  3:51  Command Center  
  36  4:04  SCV  
  36  4:05  SCV  
  36  4:08  Marine, Widow Mine x2, Stimpack  
  43  4:14  Bunker  
  43  4:16  SCV  
  44  4:17  SCV  
  44  4:20  Supply Depot  
  45  4:28  SCV  
  45  4:29  Engineering Bay  
  45  4:30  SCV  
  45  4:41  SCV  
  45  4:42  SCV  
  47  4:47  Marine  
  47  4:48  Widow Mine x2  
  47  4:49  Medivac  
  54  4:57  Supply Depot  
  54  5:02  SCV x2, Terran Infantry Weapons Level 1  
  54  5:04  Orbital Command  
  56  5:09  Widow Mine x2  
  60  5:14  SCV  
  60  5:15  Marauder  
  60  5:19  Barracks  
  60  5:20  SCV  
  64  5:23  Barracks  
  64  5:27  SCV  
  65  5:33  SCV  
  65  5:35  SCV  
  67  5:39  SCV  
  68  5:43  Supply Depot, Widow Mine x2  
  68  5:45  SCV  
  68  5:47  SCV  
  74  5:51  SCV, Supply Depot  
  74  5:54  Supply Depot  
  74  5:55  Marauder  
  74  5:56  Barracks  
  77  5:58  Combat Shield, Barracks  
  77  6:00  Starport Reactor  
  77  6:04  SCV  
  77  6:06  SCV, Refinery  
  77  6:07  Refinery  
  79  6:11  Barracks Reactor  
  79  6:12  Supply Depot, Barracks Reactor  
  79  6:17  Supply Depot  
  79  6:18  SCV x2  
  80  6:20  SCV  
  80  6:22  Marauder  
  86  6:26  Widow Mine x2  
  88  6:40  SCV  
  88  6:41  SCV x2  
  88  6:44  Marauder  
  88  6:45  Barracks Tech Lab x2  
  89  6:50  Engineering Bay  
  89  6:52  SCV  
  89  6:53  SCV x2  
  92  6:54  Marine x4, Supply Depot  
  92  6:55  Medivac x2  
  92  6:56  Supply Depot  
  100  7:01  Widow Mine  
  100  7:02  Widow Mine  
  100  7:05  Marine  
  100  7:08  SCV x2  
  107  7:11  Supply Depot  
  107  7:14  Marine, Supply Depot, Marauder x2  
  107  7:15  Concussive Shells  
  112  7:16  Marine  
  113  7:23  Marine x2, Widow Mine x2  
  113  7:24  Marauder  
  113  7:26  Terran Infantry Armor Level 1  
  121  7:31  Armory  
  121  7:34  Marine x2  
  121  7:35  Medivac, Marauder  
  127  7:38  SCV x2  
  129  7:46  SCV  
  130  7:52  Marine, Marauder, Command Center  
  130  7:53  Marine  
  130  7:58  Marine x2, SCV, Marauder x2  
  139  8:04  Supply Depot  
  141  8:10  Marine  
  141  8:11  SCV, Supply Depot  
  141  8:12  Starport  
  143  8:14  Marauder  
  143  8:19  Marauder  
  144  8:23  SCV  
  144  8:24  Marine x2  
  144  8:25  Marine, Marauder  
  144  8:26  SCV x2  
  146  8:35  SCV, Marauder  
  146  8:36  Widow Mine  
  146  8:38  SCV  
  146  8:41  Marauder  
  146  8:47  Marauder  
  145  8:49  Marine x4  
  145  8:51  Widow Mine, Terran Infantry Weapons Level 2  
  147  8:57  SCV, Barracks, Marauder  
  147  8:58  Barracks, Widow Mine  
  147  9:00  Barracks  
  147  9:02  Marauder  
  152  9:07  Marine x3  
  152  9:08  Marauder  
  152  9:09  SCV  
  155  9:11  Starport Reactor  
  155  9:12  Medivac x2, Widow Mine  
  159  9:18  Marauder  
  159  9:19  Widow Mine  
  159  9:21  SCV  
  159  9:23  Marauder  
  164  9:25  Marine  
  164  9:30  Marauder, Terran Infantry Armor Level 2  
  164  9:32  Orbital Command  
  164  9:33  SCV  
  165  9:39  Marauder  
  165  9:40  SCV  
  165  9:45  SCV  
  169  9:47  Barracks Reactor, Barracks Tech Lab x2  
  169  9:49  SCV  
  169  9:51  Supply Depot, Refinery  
  169  9:52  Refinery  
  168  9:54  Supply Depot  
  168  9:55  Widow Mine x2  
  168  9:57  Marine x2, SCV  
  168  9:58  Marine, Marauder x2, Orbital Command  
  180  10:02  Marine  
  180  10:05  Marine  
  179  10:09  SCV  
  179  10:12  Marauder  
  179  10:15  Marine  
  179  10:20  Orbital Command  
  174  10:24  Widow Mine  
  174  10:25  Marauder x2  
  174  10:26  Marauder  
  174  10:27  Marauder  
  137  10:37  Widow Mine  
  137  10:38  Marine x6, Marauder  
  137  10:39  Medivac x2  
  151  10:46  Marine, Widow Mine, Marauder  
  151  10:47  Refinery x2  
  156  10:52  Marine, Medivac x2  
  156  10:53  Marauder  
  156  10:56  Marine  
  164  10:58  Widow Mine  
  166  11:06  SCV x2, Command Center  
  166  11:07  SCV, Widow Mine  
  166  11:08  SCV  
  172  11:19  Marine x2, Marauder x4  
  172  11:22  Widow Mine, Refinery  
  172  11:23  Refinery  
  172  11:24  Terran Ship Weapons Level 1  
  172  11:25  Ghost Academy  
  184  11:29  Widow Mine  
  184  11:32  Terran Infantry Weapons Level 3, Command Center  
  184  12:03  Enhanced Shockwaves  
  184  12:05  Marine  
  184  12:06  Marine x2, Marauder  
  187  12:11  Command Center  
  187  12:12  Marine  
  187  12:13  Marine x2, Marauder x2, Command Center  
  194  12:23  Marine  
  194  12:28  Marine x2, Marauder  
  199  12:33  Unknown  
  199  12:34  Unknown  
  199  12:42  Planetary Fortress  
  199  12:44  Missile Turret  
  198  13:14  Armory  
  198  13:25  Unknown  
  170  13:52  Marine x2  
Show
View Real Time Build Order
Export as new Build Order

uWu Protoss 

Build Orders: Oracle Opening, Phoenix Opening 

Get SALT Encoding   

  12  0:00  Probe  
  13  0:12  Probe  
  14  0:18  Pylon  
  14  0:25  Probe  
  15  0:37  Gateway  
  15  0:38  Probe (Chrono Boost)  
  16  0:44  Assimilator  
  16  0:49  Probe (Chrono Boost)  
  17  0:53  Probe (Chrono Boost)  
  18  1:05  Probe  
  19  1:17  Probe  
  20  1:26  Cybernetics Core  
  20  1:30  Probe  
  21  1:34  Assimilator  
  21  1:35  Pylon  
  21  1:42  Probe  
  22  1:54  Probe  
  23  2:01  Nexus  
  23  2:06  Probe  
  24  2:08  Adept  
  26  2:20  Stargate  
  26  2:22  Probe  
  27  2:25  Warp Gate  
  26  2:34  Probe  
  27  2:38  Adept  
  29  2:47  Probe  
  30  3:06  Pylon  
  30  3:12  Oracle (Chrono Boost)  
  33  3:18  Twilight Council  
  33  3:19  Gateway  
  33  3:23  Probe x2  
  35  3:32  Gateway  
  35  3:35  Probe  
  35  3:36  Probe  
  35  3:41  Phoenix (Chrono Boost)  
  37  3:48  Probe  
  40  3:49  Probe  
  40  3:51  Charge (Chrono Boost)  
  41  4:00  Probe  
  42  4:09  Probe  
  43  4:14  Robotics Facility  
  43  4:16  Probe  
  44  4:24  Probe  
  45  4:33  Probe  
  45  4:35  Nexus  
  45  4:37  Probe  
  47  4:41  Forge  
  47  4:44  Assimilator  
  47  4:45  Probe  
  48  4:49  Probe  
  49  4:57  Probe  
  50  5:00  Stalker  
  50  5:01  Probe  
  50  5:02  Observer (Chrono Boost)  
  54  5:08  Forge  
  54  5:12  Gateway  
  54  5:20  Pylon  
  54  5:24  Probe x2, Blink  
  54  5:25  Protoss Ground Armor Level 1 (Chrono Boost)  
  53  5:33  Pylon  
  51  5:36  Probe  
  51  5:39  Gateway  
  51  5:40  Protoss Ground Weapons Level 1 (Chrono Boost)  
  51  5:41  Sentry  
  58  5:45  Probe (Chrono Boost)  
  55  5:52  Observer  
  55  5:53  Probe (Chrono Boost)  
  55  5:54  Probe (Chrono Boost)  
  59  5:57  Probe (Chrono Boost)  
  59  6:05  Gateway  
  59  6:06  Gateway  
  59  6:08  Gateway  
  59  6:10  Pylon, Stalker x2  
  63  6:11  Probe  
  63  6:12  Stalker  
  63  6:13  Probe  
  63  6:15  Probe  
  68  6:23  Stalker  
  68  6:24  Probe  
  68  6:25  Probe  
  72  6:32  Probe  
  73  6:36  Probe  
  71  6:46  Probe x2  
  73  6:48  Probe  
  73  6:52  Photon Cannon  
  73  6:54  Photon Cannon, Zealot x5  
  76  6:58  Probe  
  76  7:00  Templar Archives  
  85  7:03  Assimilator  
  85  7:06  Probe x2  
  85  7:07  Assimilator  
  87  7:10  Probe  
  87  7:11  Warp Prism (Chrono Boost)  
  90  7:18  Probe  
  90  7:22  Probe  
  92  7:23  Probe  
  93  7:32  Pylon  
  93  7:34  Pylon  
  93  7:39  Protoss Ground Weapons Level 2 (Chrono Boost)  
  93  7:43  Protoss Ground Armor Level 2 (Chrono Boost)  
  93  7:44  Photon Cannon  
  93  7:45  Shield Battery  
  93  7:47  Immortal (Chrono Boost)  
  97  7:56  Sentry  
  99  7:59  Zealot  
  99  8:00  Zealot x3  
  99  8:05  Stalker  
  109  8:09  Pylon  
  109  8:11  Pylon  
  109  8:12  Gateway  
  103  8:20  Stalker x3  
  103  8:22  Zealot  
  109  8:29  Zealot x3  
  109  8:30  Zealot  
  99  8:45  Stalker x4  
  105  8:54  Probe x2  
  105  8:55  Observer  
  102  9:04  Psionic Storm  
  100  9:12  Probe x2  
  100  9:14  Probe  
  100  9:15  High Templar x3  
  107  9:23  Warp Prism (Chrono Boost)  
  101  9:28  Nexus  
  101  9:31  Zealot x6  
  101  9:36  Pylon  
  101  9:37  Probe x3  
  114  9:50  High Templar x2  
  114  9:51  Stalker x2  
  120  9:56  Probe x2  
  120  9:57  Protoss Ground Armor Level 3 (Chrono Boost)  
  120  9:59  Photon Cannon  
  122  10:01  Protoss Ground Weapons Level 3 (Chrono Boost)  
  122  10:04  Zealot x4  
  122  10:05  Zealot  
  131  10:15  Archon  
  131  10:16  Archon  
  129  10:26  Zealot x3  
  129  10:27  Zealot x4  
  99  10:37  Zealot x2  
  99  10:40  Immortal (Chrono Boost)  
  101  10:51  Pylon  
  101  10:58  Nexus  
  101  10:59  Pylon  
  101  11:01  Assimilator  
  101  11:14  Sentry  
  101  11:15  High Templar  
  101  11:16  High Templar x3  
  110  11:39  Nexus  
  110  11:40  Robotics Bay  
  110  11:46  Pylon  
  110  11:47  Nexus  
  110  11:56  Probe x2  
  92  12:06  High Templar x2  
  96  12:11  Zealot x4  
  96  12:13  Archon  
  104  12:21  Immortal (Chrono Boost)  
  104  12:27  Robotics Bay  
  108  12:32  Zealot x2  
  108  12:33  Probe  
  108  12:34  Probe  
  114  12:54  Colossus  
  120  13:01  High Templar  
  120  13:03  Probe  
  123  13:06  Assimilator  
  123  13:17  Zealot x5  
  133  13:21  Assimilator  
  124  13:38  Archon  
  109  13:52  Nexus  
  109  13:53  Archon  
  105  13:57  Zealot x2  
  108  14:04  High Templar x2  
Tags
 
Add a new tag
Caveats
  • Supply blocks, unpowered buildings, or Contaminate may cause inaccurate times.
  • Supply counts are checked every 10 seconds.